 Dungeon Crawl Stone Soup version 0.20.0-8-g6b59dc7 (webtiles) character file.

438 anfisbena the Skirmisher (level 7, -1/76 HPs)
             Began as an Ogre Hunter on May 30, 2017.
             Killed by divine providence
             ... invoked by an orc priest
              (13 damage)
             ... on level 4 of the Dungeon.
             The game lasted 00:03:53 (4453 turns).

anfisbena the Skirmisher (Ogre Hunter)              Turns: 4453, Time: 00:03:54

Health: -1/76      AC:  3    Str: 22    XL:     7   Next: 1%
Magic:  7/7        EV: 10    Int: 15    God:
Gold:   172        SH:  0    Dex: 11    Spells: 6/6 levels left

rFire    . . .     SeeInvis .   a - +0 flail
rCold    . . .     Gourm    .   (no shield)
rNeg     . . .     Faith    .   b - +0 robe
rPois    .         Spirit   .   (helmet restricted)
rElec    .         Reflect  .   (no cloak)
rCorr    .         Harm     .   (gloves unavailable)
MR       .....                  (boots unavailable)
Stlth    +.........             o - amulet of regeneration
Regen    0.7/turn               s - +3 ring of intelligence
MPRegen  0.1/turn               (no ring)

@: mighty
A: unfitting armour, tough skin 1
a: no special abilities


You were on level 4 of the Dungeon.
You were near starving.

You visited 1 branch of the dungeon, and saw 4 of its levels.

You collected 172 gold pieces.

Inventory:

Hand Weapons
 a - a +0 flail (weapon)
Missiles
 c - 5 large rocks (quivered)
 d - 2 throwing nets
Armour
 b - a +0 robe (worn)
Jewellery
 o - an amulet of regeneration (around neck)
 s - a +3 ring of intelligence (left hand)
Scrolls
 e - 4 scrolls of teleportation {unknown}
 i - a scroll of noise {unknown}
 k - 2 scrolls of magic mapping {unknown}
 t - a scroll of identify {unknown}
Potions
 g - 2 potions of agility {unknown}
 h - a potion of haste
 m - a potion of curing
Comestibles
 f - 3 bread rations
 j - 6 fruits
 l - 4 meat rations
 r - a royal jelly


   Skills:
 + Level 6.7 Fighting
 * Level 4.5 Maces & Flails
 - Level 4.0 Throwing
 - Level 1.7 Dodging
 - Level 0.6 Stealth


You had 6 spell levels left.
You didn't know any spells.

Dungeon Overview and Level Annotations

Branches:
Dungeon (4/15)
 Temple: D:4-7

Altars:
Elyvilon
Gozag


Innate Abilities, Weirdness & Mutations

You are too large for most types of armour.
You have tough skin. (AC +1)


Message History

* * * LOW HITPOINT WARNING * * *
Items here: )))) [[ †† You closely miss the orc priest.
The orc priest closely misses you.
You hit the orc priest.
The orc priest is moderately wounded.
The orc priest invokes the aid of Beogh against you.
Pain shoots through your body!
* * * LOW HITPOINT WARNING * * *
You closely miss the orc priest.
The orc priest is moderately wounded.
The orc priest hits you with a flail.
* * * LOW HITPOINT WARNING * * *
You hit the orc priest.
The orc priest is heavily wounded.
The orc priest hits you with a flail!
* * * LOW HITPOINT WARNING * * *
You feel better.
The orc priest calls down the wrath of Beogh upon you.
Beogh smites you!
You die...

# #.### # #.# #
#.# # #.# # #
#####.#### ##. #
# #........#
.....# #
#.###.##.#
#.#...# #
#.##.####.......
#
#.......@o......
#
####.####..#.?..
# #.# ..# . ..#
.... #### .####
.. ##


You could see an orc priest.

Vanquished Creatures
  The ghost of kraftydee the Charlatan, an amateur DrAr of Nemelex Xobeh (D:4)
  An orc priest (D:4)
  An orc wizard (D:4)
  3 worker ants (D:4)
  3 adders
  An ooze (D:3)
  4 worms
  3 dart slugs
  4 leopard geckos
  4 orcs
  A bat (D:1)
  5 giant cockroaches
  7 goblins
  5 hobgoblins
  A quokka (D:4)
  5 frilled lizards
  9 kobolds
  5 rats
63 creatures vanquished.

Notes
Turn   | Place    | Note
-------+----------+-------------------------------------------
     0 | D:1      | anfisbena the Ogre Hunter began the quest for the Orb.
     0 | D:1      | Reached XP level 1. HP: 22/22 MP: 1/1
    20 | D:1      | Reached skill level 3 in Fighting
   481 | D:1      | Reached XP level 2. HP: 32/32 MP: 2/2
   668 | D:1      | Reached skill level 4 in Fighting
  1500 | D:2      | Reached XP level 3. HP: 40/40 MP: 3/3
  2302 | D:2      | Reached skill level 5 in Fighting
  2890 | D:3      | Found a white marble altar of Elyvilon.
  2923 | D:3      | Reached skill level 1 in Maces & Flails
  2923 | D:3      | Reached XP level 4. HP: 26/50 MP: 4/4
  3091 | D:3      | Found an opulent altar of Gozag.
  3659 | D:4      | Noticed kraftydee's ghost (amateur DrAr)
  3728 | D:4      | Killed kraftydee's ghost
  3728 | D:4      | Reached skill level 6 in Fighting
  3728 | D:4      | Reached XP level 5. HP: 23/61 MP: 5/5
  3728 | D:4      | Reached XP level 6. HP: 26/68 MP: 6/6
  4447 | D:4      | Reached XP level 7. HP: 20/76 MP: 7/7
  4452 | D:4      | HP: 1/76 [orc priest/flail (8)]
  4453 | D:4      | Killed from afar by an orc priest

Skill      XL: |  1  2  3  4  5  6 |
---------------+-------------------+-----
Fighting       | 3 4 5 6 |  6.7
Maces & Flails | 1 3 4 |  4.5
Throwing       | |  4.0
Dodging        | |  1.7
Stealth        | |  0.6

Action                   |  1- 3 |  4- 6 |  7- 9 || total
-------------------------+-------+-------+-------++-------
Melee: Short sword       |   146 |       |       ||   146
       Whip              |    32 |       |       ||    32
       Flail             |    18 |   186 |     4 ||   208
  Use: Potion            |       |     6 |     1 ||     7
 Stab: Sleeping          |     1 |     1 |       ||     2
       Distracted        |       |     1 |       ||     1
  Eat: Chunk             |     6 |     4 |       ||    10
Armor: Robe              |    51 |    31 |       ||    82
Dodge: Dodged            |   100 |    91 |     1 ||   192
